 Dungeon Crawl Stone Soup version 0.19.0-2-gae57169 (webtiles) character file.

11818 Millan the Cruncher (level 11, 0/100 HPs)
             Began as a Minotaur Berserker on Nov 5, 2016.
             Was a High Priest of Trog.
             Slain by a hornet (4 damage)
             ... on level 2 of the Lair of Beasts.
             The game lasted 00:54:14 (13163 turns).

Millan the Cruncher (Minotaur Berserker)           Turns: 13163, Time: 00:54:14

Health: 0/100      AC: 16    Str: 29    XL:     11   Next: 54%
Magic:  10/10      EV: 13    Int:  4    God:    Trog [*****.]
Gold:   386        SH:  0    Dex: 17    Spells: 0 memorised, 10 levels left

rFire  . . .     SeeInvis .     r - +7 quarterstaff (chaos)
rCold  . . .     Gourm    .     U - +0 chain mail
rNeg   . . .     Faith    .     (shield currently unavailable)
rPois  .         Spirit   .     T - +0 hat
rElec  .         Reflect  .     u - +0 cloak
rCorr  .         Harm     +     I - +1 pair of gloves {Str+3}
MR     ++...                    (no boots)
Stlth  ..........               L - amulet of harm
                                q - +5 ring of dexterity
                                w - +3 ring of dexterity

@: regenerating, slowed, very slow
A: retaliatory headbutt, horns 2
a: Berserk, Trog's Hand, Brothers in Arms, Burn Spellbooks, Renounce Religion


You were on level 2 of the Lair of Beasts.
You worshipped Trog.
Trog was extremely pleased with you.
You were not hungry.

You visited 3 branches of the dungeon, and saw 13 of its levels.

You collected 866 gold pieces.
You spent 480 gold pieces at shops.

Inventory:

Hand Weapons
 a - a +0 hand axe
 b - a +1 shortbow of flaming
 o - a +0 lajatang
 r - a +7 quarterstaff of chaos (weapon)
 E - a +6 flail of holy wrath
 Z - a +3 antimagic executioner's axe
Missiles
 C - 44 arrows (quivered)
Armour
 u - a +0 cloak (worn)
 I - a +1 pair of gloves of strength (worn)
 T - a +0 hat (worn)
 U - a +0 chain mail (worn)
Jewellery
 e - an uncursed ring of positive energy
 q - a +5 ring of dexterity (right hand)
 w - a +3 ring of dexterity (left hand)
 L - an amulet of harm (around neck)
 V - an uncursed ring of flight
Wands
 f - a wand of polymorph (18/24)
 N - a wand of digging (12/24)
 Q - a wand of flame (29/48)
Scrolls
 g - 2 scrolls of magic mapping {unknown}
 h - 6 scrolls of teleportation
 i - 2 scrolls of noise {unknown}
 k - 6 scrolls of immolation
 l - 11 scrolls of identify
 n - 4 scrolls of fog {unknown}
 t - 3 scrolls of enchant armour
 x - 4 scrolls of recharging {unknown}
 B - 2 scrolls of random uselessness {unknown}
 H - a scroll of blinking
 O - 2 scrolls of amnesia {unknown}
 P - a scroll of summoning {unknown}
 X - 4 scrolls of remove curse
Potions
 d - 2 potions of haste
 j - a potion of invisibility
 m - a potion of ambrosia
 p - a potion of brilliance {unknown}
 z - a potion of curing
 G - a potion of cure mutation {unknown}
 K - a potion of degeneration {unknown}
 S - a potion of berserk rage {unknown}
 W - a potion of cancellation {unknown}
 Y - a potion of flight {unknown}
Books
 R - a book of Enchantments

   Spells                             Type                      Level
   a - Cause Fear                     Hexes                        4
   b - Yara's Violent Unravelling     Hexes/Transmutation          5
   c - Silence                        Hexes/Air                    5
   d - Deflect Missiles               Charms/Air                   6
   e - Discord                        Hexes                        8
   Trog disapproves of the use of such an item.
Comestibles
 c - 4 bread rations
 v - 4 meat rations
 A - a royal jelly
 D - 3 beef jerkies
 F - a fruit


   Skills:
 + Level 10.2 Fighting
 * Level 6.2(7.0) Axes
 - Level 4.8(10.2) Maces & Flails
 - Level 12.3(12.7) Staves
 - Level 2.5 Bows
 + Level 11.1 Armour
 + Level 6.0 Dodging
 - Level 3.0 Stealth


You had 10 spell levels left.
You didn't know any spells.

Dungeon Overview and Level Annotations

Branches:
Dungeon (10/15)            Temple (0/1) D:5            Lair (2/6) D:10
  Swamp (1/4) Lair:2
  Snake: Lair:2-4    Spider: Lair:2-4       Orc: D:9-12

Altars:
Dithmenos
Fedhas
Yredelemnul
The Shining One

Shops:
D:8 *   D:10 (

Annotations:
Lair:2 exclusion: oklob plant


Innate Abilities, Weirdness & Mutations

You reflexively headbutt those who attack you in melee.
You have a pair of horns on your head.


Message History

Okay, then.
You feel much better.
You feel sick.
The hornet stings you but does no damage.
The hornet closely misses you. You furiously retaliate!
You headbutt the hornet, but do no damage.
The spriggan rider hits you from afar with a spear!
* * * LOW HITPOINT WARNING * * *
The hornet stings you but does no damage.
You feel sick.
The hornet stings you but does no damage.
The spriggan rider closely misses you. The hornet barely misses you.
You furiously retaliate!
You headbutt the hornet.
The spriggan rider hits you from afar with a spear!
* * * LOW HITPOINT WARNING * * *
You feel better. The hornet stings you!
* * * LOW HITPOINT WARNING * * *
You feel as though you will be slow longer.
The spriggan rider hits you but does no damage.
The hornet stings you.
You die...

#.......................
#.......................
#..............#......##
##...##.##♣....###...##
#.....#.#≈♣♣...###.#.###
##...#...≈≈♣...##.....##
#......♣§≈♣♣..........#
#...P.♣§≈≈≈♣♣..#P....##
#.....@yi§§≈♣.###....##
#...P.≈§§§§≈≈..###..#.#
#.....♣≈§§§§≈.#..###..#
#......≈§§§§♣..........
###.#..♣≈≈≈≈...##.###.#
#.####.≈≈♣..###### ##.
### ##.♣≈..# ## ##.####
###


You could see a spriggan rider and a hornet.

Vanquished Creatures
  Gastronok (D:9)
  Pikel (D:6)
  Joseph (D:9)
  A black mamba (Lair:1)
  Psyche (D:9)
  A rime drake (Lair:2)
  A komodo dragon (Lair:1)
  2 trolls (D:9)
  Prince Ribbit (D:6)
  A hippogriff (Lair:1)
  Sigmund (D:7)
  2 wyverns
  A spriggan (D:7)
  2 basilisks (Lair:2)
  7 yaks
  2 hungry ghosts
  Edmund (D:5)
  Duvessa (D:6)
  2 water moccasins
  An orc warrior (D:10)
  2 black bears (D:9)
  2 necrophages (D:8)
  An ice beast (D:10)
  3 ogres
  2 phantoms
  3 wolves (Lair:1)
  5 centaurs
  5 crocodiles (Lair:1)
  2 big kobolds
  8 bullfrogs
  Blork the orc (D:6)
  Dowan (D:6)
  11 killer bees
  3 wights (D:7)
  2 electric eels
  4 crimson imps
  7 howler monkeys
  A jelly (D:9)
  A bullfrog zombie (D:10)
  A quasit (D:10)
  Crazy Yiuf (D:2)
  2 centaur skeletons
  3 orc priests
  2 bullfrog skeletons
  4 hounds
  5 iguanas
  4 orc wizards
  8 worker ants
  A hound zombie (D:7)
  A worker ant zombie (D:9)
  3 gnolls (D:4)
  4 adders
  A shadow imp (D:9)
  An adder skeleton (D:4)
  2 worms
  A dart slug (D:1)
  6 leopard geckos
  35 orcs
  12 bats
  4 giant cockroaches
  8 goblins
  6 hobgoblins
  5 jackals
  19 kobolds
  3 quokkas
  5 frilled lizards
  2 goblin zombies (D:4)
  2 hobgoblin zombies (D:4)
  A kobold skeleton (D:4)
  A kobold zombie (D:4)
  An orc skeleton (D:4)
  2 orc zombies (D:4)
  A quokka skeleton (D:5)
  10 rats
  A fungus (Lair:1)
  A plant (Lair:2)
264 creatures vanquished.

Vanquished Creatures (others)
  A slave (D:6)
  A phantom (D:6)
  A quokka skeleton (D:4)
  9 toadstools (Lair:2)
12 creatures vanquished.

Grand Total: 276 creatures vanquished

Notes
Turn   | Place    | Note
-------+----------+-------------------------------------------
     0 | D:1      | Millan the Minotaur Berserker began the quest for the Orb.
     0 | D:1      | Reached XP level 1. HP: 19/19 MP: 0/0
   124 | D:1      | Reached XP level 2. HP: 9/27 MP: 1/1
   964 | D:1      | Reached XP level 3. HP: 33/33 MP: 2/2
  1758 | D:1      | Reached ** piety under Trog
  2338 | D:2      | Found a runed door.
  2557 | D:2      | Noticed Crazy Yiuf
  2567 | D:2      | Killed Crazy Yiuf
  2567 | D:2      | Reached XP level 4. HP: 10/41 MP: 3/3
  2924 | D:3      | Found a faded altar of an unknown god.
  3163 | D:3      | Found a glowing golden altar of the Shining One.
  3165 | D:3      | Noticed an angel
  3328 | D:3      | Reached skill level 5 in Axes
  3328 | D:3      | Reached XP level 5. HP: 40/47 MP: 4/4
  3455 | D:3      | Found a basalt altar of Yredelemnul.
  3643 | D:4      | Found a glowing golden altar of the Shining One.
  3655 | D:4      | Reached *** piety under Trog
  3693 | D:4      | Noticed a centaur
  3700 | D:4      | Killed a centaur
  3700 | D:4      | Reached skill level 5 in Fighting
  3700 | D:4      | Reached skill level 2 in Staves
  3700 | D:4      | Reached XP level 6. HP: 27/56 MP: 5/5
  4011 | D:4      | Reached skill level 3 in Staves
  4011 | D:4      | Reached skill level 5 in Armour
  4241 | D:5      | Entered Level 5 of the Dungeon
  4268 | D:5      | Reached skill level 4 in Staves
  4268 | D:5      | Reached XP level 7. HP: 28/61 MP: 6/6
  4659 | D:5      | Reached skill level 5 in Staves
  4959 | D:5      | Found a staircase to the Ecumenical Temple.
  4967 | D:5      | Reached **** piety under Trog
  5073 | D:5      | Noticed Edmund
  5079 | D:5      | Killed Edmund
  5079 | D:5      | Reached skill level 6 in Staves
  5079 | D:5      | Reached XP level 8. HP: 50/70 MP: 7/7
  5362 | D:6      | Noticed Prince Ribbit
  5369 | D:6      | Killed Prince Ribbit
  5513 | D:6      | Noticed Dowan
  5515 | D:6      | Noticed Duvessa
  5521 | D:6      | Killed Duvessa
  5521 | D:6      | Reached skill level 1 in Stealth
  5523 | D:6      | Killed Dowan
  5523 | D:6      | Reached skill level 7 in Staves
  5532 | D:6      | Noticed Blork the orc
  5537 | D:6      | Killed Blork the orc
  5553 | D:6      | Noticed Pikel
  5561 | D:6      | Killed Pikel
  5561 | D:6      | Reached skill level 8 in Staves
  5561 | D:6      | Reached XP level 9. HP: 79/79 MP: 8/8
  6192 | D:7      | Reached skill level 9 in Staves
  6256 | D:7      | Noticed Sigmund
  6266 | D:7      | Killed Sigmund
  6688 | D:7      | Reached skill level 10 in Staves
  7199 | D:8      | Found Cohuj's Elemental Accessories.
  7207 | D:8      | Bought a wand of digging (12/24) for 480 gold pieces
  7400 | D:8      | Received a gift from Trog
  7401 | D:8      | Reached ***** piety under Trog
  7413 | D:8      | Reached XP level 10. HP: 88/90 MP: 9/9
  7471 | D:8      | Found a shadowy altar of Dithmenos.
  8099 | D:9      | Noticed Gastronok
  8126 | D:9      | Killed Gastronok
  8126 | D:9      | Reached skill level 11 in Staves
  8126 | D:9      | Reached skill level 5 in Dodging
  8267 | D:9      | Noticed Joseph
  8286 | D:9      | Killed Joseph
  8689 | D:9      | Noticed Psyche
  8692 | D:9      | Killed Psyche
  8692 | D:9      | Reached skill level 10 in Armour
  8800 | D:10     | Entered Level 10 of the Dungeon
  8822 | D:10     | Reached XP level 11. HP: 79/97 MP: 10/10
  8825 | D:10     | Reached skill level 12 in Staves
  8938 | D:10     | Found Qoghoz's Weapon Shop.
  9541 | D:10     | Found a staircase to the Lair.
  9828 | Lair:1   | Entered Level 1 of the Lair of Beasts
  9931 | Lair:1   | Reached skill level 1 in Bows
 10019 | Lair:1   | Reached skill level 10 in Fighting
 10462 | Lair:1   | Received a gift from Trog
 11467 | Lair:2   | Found a blossoming altar of Fedhas.
 11486 | Lair:2   | Noticed an oklob plant
 11939 | Lair:2   | Found a staircase to the Swamp.
 13150 | Swamp:1  | Entered Level 1 of the Swamp
 13150 | Swamp:1  | Noticed a spriggan rider
 13160 | Lair:2   | HP: 5/100 [spriggan rider/spear (9)]
 13160 | Lair:2   | HP: 2/100 [spriggan rider/spear (3)]
 13163 | Lair:2   | Slain by a hornet

Skill      XL: |  1  2  3  4  5  6  7  8  9 10 11 |
---------------+----------------------------------+-----
Fighting       | 4 5 6 7 8 9 10 | 10.2
Armour         | 3 4 5 6 7 8 10 11 | 11.1
Axes           | 4 5 6 |  6.2
Dodging        | 3 4 5 6 |  6.0
Staves         | 2 4 6 8 10 11 12 | 12.3
Stealth        | 1 2 3 |  3.0
Maces & Flails | 4 |  4.8
Bows           | 2 |  2.5

Action                   |  1- 3 |  4- 6 |  7- 9 | 10-12 || total
-------------------------+-------+-------+-------+-------++-------
Melee: Hand axe          |   119 |       |       |       ||   119
       Headbutt          |    16 |    19 |    35 |    51 ||   121
       Quarterstaff      |       |    77 |   164 |   149 ||   390
       Flail             |       |       |    16 |    37 ||    53
       Lajatang          |       |       |       |     3 ||     3
 Fire: Shortbow          |       |       |       |    24 ||    24
Invok: Trog's Hand       |     1 |       |       |     1 ||     2
       Berserk           |     1 |       |       |       ||     1
  Use: Scroll            |       |     9 |     1 |       ||    10
       Potion            |       |       |       |     7 ||     7
 Stab: Paralysed         |       |       |     1 |       ||     1
       Petrifying        |       |       |     1 |       ||     1
  Eat: Bread ration      |     1 |       |     3 |     2 ||     6
       Chunk             |     1 |       |       |       ||     1
       Meat ration       |       |     2 |       |     1 ||     3
       Fruit             |       |     4 |       |       ||     4
Armor: Animal skin       |    18 |       |       |       ||    18
       Scale mail        |    10 |    30 |    61 |    23 ||   124
       Ring mail         |     1 |       |       |       ||     1
       Chain mail        |       |       |       |    57 ||    57
Dodge: Dodged            |    89 |    52 |   108 |   107 ||   356
